 Dungeon Crawl Stone Soup version 0.26-a0-812-g31a745ddcd (webtiles) character file.

Game seed: 17980226813329654149

79 Azzok the Chopper (level 4, 27/35 HPs)
             Began as a Demonspawn Berserker on Nov 22, 2020.
             Was a Follower of Trog.
             Quit the game on level 2 of the Dungeon.
             The game lasted 00:01:07 (1294 turns).

Azzok the Chopper (Demonspawn Berserker)            Turns: 1294, Time: 00:01:07

Health: 27/35      AC:  6    Str: 18    XL:     4   Next: 16%
Magic:  4/4        EV: 10    Int:  9    God:    Trog [*.....]
Gold:   63         SH:  0    Dex: 12    Spells: 3/3 levels left

rFire    . . .     SeeInvis .   a - +0 hand axe
rCold    . . .     Faith    .   (no shield)
rNeg     . . .     Spirit   .   k - +0 scale mail
rPois    .         Reflect  .   (no helmet)
rElec    .         Harm     .   (no cloak)
rCorr    .         Rampage  .   (no gloves)
MR       .....                  (no boots)
Stlth    ..........             (no amulet)
HPRegen  0.11/turn              (no ring)
MPRegen  0.09/turn              (no ring)

@: no status effects
A: powered by pain 1, spiny 2
a: Berserk, Renounce Religion


You were on level 2 of the Dungeon.
You worshipped Trog.
Trog was aware of your devotion.
You visited 1 branch of the dungeon, and saw 2 of its levels.

You collected 63 gold pieces.

Inventory:

Hand Weapons
 a - a +0 hand axe (weapon)
Armour
 k - a +0 scale mail (worn)
Scrolls
 b - a scroll of fear {unknown}
 c - a scroll of identify {unknown}
 e - a scroll of remove curse {unknown}
 h - a scroll of teleportation {unknown}
 i - a scroll of amnesia {unknown}
Potions
 d - a potion of degeneration {unknown}
 f - a potion of berserk rage {unknown}
 g - a potion of lignification {unknown}
 j - a potion of might {unknown}


   Skills:
 - Level 3.0 Fighting
 + Level 4.6 Axes
 - Level 1.7 Armour
 - Level 1.7 Dodging


You had 3 spell levels left.
You didn't know any spells.
Your spell library was empty.

Dungeon Overview and Level Annotations

Branches:
Dungeon (2/15)

Altars:


Innate Abilities, Weirdness & Mutations

You sometimes gain a little power by taking damage.
You are mostly covered in sharp spines.


Message History

The water moccasin skeleton barely misses you.
You barely miss the water moccasin skeleton.
The water moccasin skeleton is severely damaged.
The water moccasin skeleton bites you but does no damage.
The water moccasin skeleton is struck by your spines.
The water moccasin skeleton bites you but does no damage.
You barely miss the water moccasin skeleton.
The water moccasin skeleton is almost destroyed.
The water moccasin skeleton bites you but does no damage.
You barely miss the water moccasin skeleton.
The water moccasin skeleton is almost destroyed.
The water moccasin skeleton bites you.
You hit the water moccasin skeleton.
You destroy the water moccasin skeleton!
Trog accepts your kill.
Your Axes skill increases to level 4!
You have reached level 4!
You feel clever.
Your demonic ancestry asserts itself...
You feel energised by your suffering.
Are you sure you want to abandon this character and quit the game? (Confirm with "yes".)

▒· ▒▒▒▒ ··· ▒· ▒
>·· ··· ▒· ▒· ≈≈ ≈≈
· ▒· ··· ▒≈ ≈▒ ··
▒· ···· ▒≈▒▒▒≈▒ ··
▒· ····≈▒≈≈≈≈≈▒≈▒
▒▒ ▒≈≈≈≈≈≈≈≈≈▒
▒···@···▒
▒▒▒▒▒·▒▒▒▒▒▒▒▒
▒········▒
▒··▒▒▒▒▒·▒
▒·····▒▒·▒▒▒▒▒▒▒▒
▒▒··)····▒▒·····▒
▒·▒▒·▒▒·▒▒·▒▒▒·▒
▒···············
······▒▒▒▒·▒▒·▒▒▒·▒


There were no monsters in sight!

Vanquished Creatures
  A water moccasin skeleton (D:2)
  A gnoll (D:1)
  An ooze (D:1)
  A dart slug (D:1)
  A leopard gecko (D:1)
  A giant cockroach (D:1)
  A goblin (D:1)
  4 hobgoblins (D:1)
  3 kobolds
  3 rats (D:1)
17 creatures vanquished.

Notes
Turn   | Place    | Note
-------+----------+-------------------------------------------
     0 | D:1      | Azzok the Demonspawn Berserker began the quest for the Orb.
     0 | D:1      | Reached XP level 1. HP: 18/18 MP: 1/1
   236 | D:1      | Reached skill level 3 in Axes
   516 | D:1      | Gained mutation: You are partially covered in sharp spines.
                  | [demonic ancestry]
   516 | D:1      | Reached XP level 2. HP: 7/24 MP: 2/2
  1146 | D:1      | Gained mutation: You are mostly covered in sharp spines.
                  | [demonic ancestry]
  1146 | D:1      | Reached XP level 3. HP: 27/29 MP: 3/3
  1293 | D:2      | Reached skill level 4 in Axes
  1293 | D:2      | Gained mutation: You sometimes gain a little power by
                  | taking damage. [demonic ancestry]
  1293 | D:2      | Reached XP level 4. HP: 27/35 MP: 4/4
  1294 | D:2      | Quit the game

Illustrated notes

Levels and vault maps discovered:
D:1:      minmay_arrival_checkered_box, layout_basic
D:2:      layout_loops_cross, lemuel_crystal_altar, minmay_crystal_water

Skill      XL: |  1  2  3 |
---------------+----------+-----
Axes           | 3 4 |  4.6
Fighting       | |  3.0
Armour         | |  1.7
Dodging        | |  1.7

Action                   |  1- 3 |  4- 6 || total
-------------------------+-------+-------++-------
Melee: Hand axe          |    58 |       ||    58
Invok: Berserk           |     1 |       ||     1
Armor: Animal skin       |     9 |       ||     9
       Scale mail        |     7 |       ||     7
Dodge: Dodged            |    35 |       ||    35

Table legend: (Time is in decaauts)
 A = Elapsed time spent in this place.
 B = Non-inter-level travel time spent in this place.
 C = Inter-level travel time spent in this place.
 D = Time resting spent in this place.
 E = Time spent auto-exploring this place.
 F = Levels seen in this place.
 G = Mean time per level.
                   A        B        C        D        E       F      G
               +--------+--------+--------+--------+--------+-----+--------+
         Total |   1315 |   1294 |     21 |      2 |   1100 |   2 |  657.5 |
       Dungeon |   1315 |   1294 |     21 |      2 |   1100 |   2 |  657.5 |
               +--------+--------+--------+--------+--------+-----+--------+

Top non-repeatable levels by time:
     D:1: 1239 daAuts
     D:2: 75 daAuts
